 Seeded DCSS version 0.30.1-5-ged363bc7ee (webtiles) character file.

Game seed: 15660985446129201502 (custom seed)

24 AccursedSamuel the Chopper (level 3, 23/23 HPs)
             Began as a Tengu Monk on Sept 19, 2023.
             Quit the game on level 1 of the Dungeon.
             The game lasted 00:02:52 (927 turns).

AccursedSamuel the Chopper (Tengu Monk)              Turns: 927, Time: 00:02:52

Health: 23/23      AC:  2    Str: 13    XL:     3   Next: 2%
Magic:  4/4        EV: 13    Int: 10    God:
Gold:   172        SH:  0    Dex: 16    Spells: 2/2 levels left

rFire   . . .        a - +0 hand axe
rCold   . . .        d - orb {light}
rNeg    . . .        b - +0 robe
rPois   .            (helmet restricted)
rElec   .            (no cloak)
rCorr   .            (no gloves)
SInv    .            (boots unavailable)
Will    .....        (no amulet)
Stlth   +            (no ring)
HPRegen 0.23/turn    (no ring)
MPRegen 0.09/turn

%: no passive effects
@: glowing
A: beak, talons 3
a: no special abilities


You were on level 1 of the Dungeon.
You visited 1 branch of the dungeon, and saw 1 of its levels.

You collected 172 gold pieces.

Inventory:

Hand Weapons
 a - a +0 hand axe (weapon)
Armour
 b - a +0 robe (worn)
 d - an orb of light (worn)
Scrolls
 e - a scroll of acquirement
 f - a scroll of teleportation {unknown}
Potions
 c - a potion of ambrosia
 g - a potion of curing {unknown}


   Skills:
 + Level 3.3 Fighting
 + Level 3.7 Axes
 + Level 3.7 Dodging


You had 2 spell levels left.
You didn't know any spells.
Your spell library was empty.

Dungeon Overview and Level Annotations

Branches:
Dungeon (1/15)

Altars:


Innate Abilities, Weirdness & Mutations

You have a beak for a mouth.
You have claws for feet.


Message History

You have reached level 3!
Your experience leads to an increase in your attributes!
Increase (S)trength, (I)ntelligence, or (D)exterity?
You feel stronger. x2
You see here a hobgoblin skeleton.
Done exploring.
Done exploring.
Done exploring.
Done exploring.
There is a stone staircase leading down here.
You hit the fungus but do no damage.
The fungus begins to die.
You peck the fungus.
The fungus is lightly damaged.
You hit the fungus.
The fungus begins to die.
You hit the fungus.
The fungus is lightly damaged.
You hit the fungus. You hit the fungus. You peck the fungus.
The fungus is lightly damaged.
You hit the fungus. You hit the fungus. You claw the fungus.
The fungus is lightly damaged.
You hit the fungus. You hit the fungus. You claw the fungus.
You peck the fungus.
The fungus is lightly damaged.
You hit the fungus.
A nearby fungus withers and dies. x2
You hit the fungus.
The fungus begins to die.
The fungus is lightly damaged.
You hit the fungus. You claw the fungus. You peck the fungus.
The fungus is lightly damaged.
You hit the fungus. You peck the fungus.
The fungus is lightly damaged.
A nearby fungus withers and dies.
You hit the fungus.
The fungus begins to die.
The fungus is lightly damaged.
You hit the fungus.
The fungus begins to die.
You hit the fungus.
The fungus begins to die.
A nearby fungus withers and dies. x3
This is a scroll of acquirement!
Are you sure you want to abandon this character and quit the game? (Confirm with "yes".)

.#########.#.##..#####.........#.
.# #.#...>.# #.#.......... .#
##.####..# ##..#########
.########...###..#####..###
.................[........#
#########...###..####.#.#.#######
#.>####........###.......
#..PPP##.####.## ##.####.
#.....##@# #.## ##^# #.
#....P##.# ##.## ##.## #.
#.....##.# ##.###.#####.
#PP......# #......รท....
####...### #......##### #####
#.......# #.......# #.....#.####
#######.....


There were no monsters in sight!

Vanquished Creatures
  An endoplasm (D:1)
  3 goblins (D:1)
  3 hobgoblins (D:1)
  3 kobolds (D:1)
  2 quokkas (D:1)
  2 ball pythons (D:1)
  2 bats (D:1)
  3 frilled lizards (D:1)
  4 rats (D:1)
23 creatures vanquished.

Notes
Turn   | Place    | Note
-------+----------+-------------------------------------------
     0 | D:1      | AccursedSamuel the Tengu Monk began the quest for the Orb.
     0 | D:1      | Reached XP level 1. HP: 14/14 MP: 2/2
    85 | D:1      | Reached XP level 2. HP: 19/19 MP: 3/3
   756 | D:1      | Reached XP level 3. HP: 18/23 MP: 4/4
   927 | D:1      | Identified a scroll of acquirement
   927 | D:1      | Quit the game

Illustrated notes

Levels and vault maps discovered:
D:1:      minmay_arrival_pointy, layout_loops_ring, minmay_gold_behind_fungi

Action                     || total
---------------------------++-------
  Melee: Hand axe          ||    48
         Kick              ||    10
         Peck              ||     9
 Armour: Robe              ||     7
  Dodge: Dodged            ||    32
